 Dungeon Crawl Stone Soup version 0.30-a0-879-ga8ba668304 (webtiles) character file.

Game seed: 6957046719334708324

7436 AtlasWard the Fighter (level 11, -2/123 HPs)
             Began as an Ogre Cinder Acolyte on Mar 12, 2023.
             Was a High Priest of Ignis.
             Slain by a cane toad simulacrum (6 damage)
             ... in an ice cave.
             The game lasted 00:27:23 (12913 turns).

AtlasWard the Fighter (Ogre Cinder Acolyte)        Turns: 12913, Time: 00:27:23

Health: -2/123     AC: 18    Str: 24    XL:     11   Next: 15%
Magic:  12/12      EV:  2    Int: 21    God:    Ignis [*****.]
Gold:   580        SH:  5    Dex:  8    Spells: 10/12 levels left

rFire   + + .      SeeInvis +    b - -1 mace (flame)
rCold   + . .      Faith    .    (no shield)
rNeg    . . .      Spirit   .    e - +1 gold dragon scales of the Prince of Darkness {+Blink rPois rF+ rC+ Dex+4 SInv}
rPois   +          Reflect  +    (helmet restricted)
rElec   .          Rampage  .    y - +0 cloak
rCorr   .                        (gloves unavailable)
Will    +....                    (boots unavailable) Stlth
                                 t - amulet of reflection
HPRegen 0.40/turn                g - ring of wizardry
MPRegen 0.13/turn                i - +6 ring of intelligence

@: no status effects
A: large, unfitting armour, tough skin 1
a: Renounce Religion, Evoke Blink, Fiery Armour, Foxfire Swarm


You were in an ice cave.
You worshipped Ignis.
Ignis was extremely pleased with you.
You visited 2 branches of the dungeon, and saw 10 of its levels.
You also visited: Ossuary and Ice Cave.

You collected 580 gold pieces.

Inventory:

Hand Weapons
 a - a +3 flail
 b - a -1 mace of flaming (weapon)
 B - a +3 club
 L - a +0 morningstar
 M - a +0 giant club
Missiles
 n - 16 poisoned darts (quivered)
Armour
 e - the +1 gold dragon scales of the Prince of Darkness (worn) {+Blink rPois rF+ rC+ Dex+4 SInv}
   (You acquired it on level 4 of the Dungeon)

   Dex:       It affects your dexterity (+4).
   rF:        It protects you from fire.
   rC:        It protects you from cold.
   rPois:     It protects you from poison.
   SInv:      It lets you see invisible.
   +Blink:    It lets you blink.
 y - a +0 cloak (worn)
Jewellery
 g - a ring of wizardry (left hand)
 i - a +6 ring of intelligence (right hand)
 t - an amulet of reflection (around neck)
Wands
 r - a wand of digging (17)
 x - a wand of flame (28)
 K - a wand of paralysis (6)
Scrolls
 d - 2 scrolls of immolation
 j - a scroll of fear
 m - 3 scrolls of teleportation
 s - 2 scrolls of vulnerability
 u - a scroll of amnesia
 z - a scroll of enchant armour {unknown}
 H - 3 scrolls of fog {unknown}
 I - 2 scrolls of brand weapon {unknown}
 N - 3 scrolls of poison {unknown}
Potions
 c - a potion of haste
 h - 6 potions of curing
 k - 4 potions of mutation
 l - a potion of invisibility
 o - 4 potions of might
 v - a potion of flight {unknown}
 A - a potion of resistance {unknown}
 C - 2 potions of brilliance {unknown}
 D - 2 potions of degeneration {unknown}
 E - a potion of heal wounds {unknown}
 F - 2 potions of attraction {unknown}
 G - 3 potions of lignification {unknown}
 J - a potion of cancellation {unknown}


   Skills:
 + Level 11.7 Fighting
 * Level 11.3 Maces & Flails
 + Level 6.3 Armour
 - Level 1.2 Spellcasting
 - Level 4.1 Fire Magic


You had 10 spell levels left.
You knew the following spells:

 Your Spells              Type           Power      Damage    Failure   Level
a - Scorch                Fire           36%        2d7       77%         2

Your spell library contained the following spells:

 Spells                   Type           Power      Damage    Failure   Level
 Sting                    Tmut/Pois      4%         1d3       99%         1
 Blink                    Tloc           2%         N/A       99%         2
 Ensorcelled Hibernation  Hex/Ice        2%         N/A       99%         2
 Lesser Beckoning         Tloc           2%         N/A       99%         2
 Momentum Strike          Conj/Tloc      2%         3d8       99%         2
 Passwall                 Tmut/Erth      0%         N/A       99%         2
 Poisonous Vapours        Pois/Air       2%         N/A       99%         2
 Stone Arrow              Conj/Erth      2%         3d7       100%        3
 Swiftness                Air            1%         N/A       100%        3
 Vhi's Electric Charge    Tloc/Air       2%         N/A       100%        3
 Animate Armour           Summ/Erth      2%         N/A       100%        4
 Olgreb's Toxic Radiance  Pois           1%         N/A       100%        4
 Arcjolt                  Conj/Air       0%         1d10      100%        5
 Lehudib's Crystal Spear  Conj/Erth      0%         10d2      100%        8
 Maxwell's Capacitive Co  Air            0%         ∞         100%        8


Dungeon Overview and Level Annotations

Branches:
Dungeon (9/15)             Temple (0/1) D:7            Lair (1/5) D:8
    Orc (0/2) D:9         Ossuary (visited)           IceCv (1/1)

Altars:
Elyvilon
Makhleb
Uskayaw
Wu Jian
Yredelemnul
Zin

Shops:
D:7 *

Annotations:
D:5 Edmund


Innate Abilities, Weirdness & Mutations

You are too large for most types of armour.
You have tough skin. (AC +1)


Message History

The polar bear simulacrum is moderately damaged.
You hit the polar bear simulacrum.
You melt the polar bear simulacrum.
The polar bear simulacrum is severely damaged.
The polar bear simulacrum bites you. The polar bear simulacrum freezes you!
You resist.
* * * LOW HITPOINT WARNING * * *
The polar bear simulacrum claws you but does no damage. x2
You hit the polar bear simulacrum.
You melt the polar bear simulacrum.
The polar bear simulacrum vaporises!
You hit the cane toad simulacrum but do no damage.
The cane toad simulacrum hits you but does no damage.
You barely miss the cane toad simulacrum.
You block the cane toad simulacrum's attack.
You hit the cane toad simulacrum but do no damage.
You block the cane toad simulacrum's attack.
You hit the cane toad simulacrum.
You melt the cane toad simulacrum.
The cane toad simulacrum is lightly damaged.
You hit the cane toad simulacrum.
You melt the cane toad simulacrum.
The cane toad simulacrum is moderately damaged.
The cane toad simulacrum hits you!
* * * LOW HITPOINT WARNING * * *
The cane toad simulacrum freezes you. You resist.
* * * LOW HITPOINT WARNING * * *
You thump the cane toad simulacrum!
You melt the cane toad simulacrum.
The cane toad simulacrum vaporises!
You hit the cane toad simulacrum but do no damage.
The cane toad simulacrum hits you.
* * * LOW HITPOINT WARNING * * *
The cane toad simulacrum freezes you. You resist.
* * * LOW HITPOINT WARNING * * *
You thump the cane toad simulacrum!
You melt the cane toad simulacrum.
The cane toad simulacrum is heavily damaged.
The cane toad simulacrum hits you.
* * * LOW HITPOINT WARNING * * *
The cane toad simulacrum freezes you! You resist.
* * * LOW HITPOINT WARNING * * *
You feel better. The cane toad simulacrum hits you!
* * * LOW HITPOINT WARNING * * *
The cane toad simulacrum freezes you. You resist.
You die...

#$.....?#
#$.....$#
#.......#
.......
..... .Z.
##Z##
##.@.##
##.....##
#...∩...#
#.......#
#.......#
#...∩...#
#.......#
#########


You could see an elephant simulacrum and a cane toad simulacrum.

Vanquished Creatures
  A hornet (D:8)
  Prince Ribbit (D:8)
  12 yaks
  A wyvern (D:9)
  4 steam dragons
  4 water moccasins
  2 black bears
  4 orc warriors
  An ice beast (D:7)
  3 sky beasts
  An ogre (D:6)
  2 centaurs
  2 phantoms (D:5)
  2 kobold brigands
  8 bullfrogs
  4 water moccasin zombies (Ossuary)
  A cane toad simulacrum (IceCv)
  3 scorpions
  7 wights
  6 killer bees
  A hound (D:4)
  A jelly (D:6)
  8 orc priests
  Crazy Yiuf (D:7)
  2 gnoll boudas (D:5)
  Jessica (D:3)
  3 iguanas
  10 orc wizards
  A sleepcap (D:6)
  A polar bear simulacrum (IceCv)
  A wolf simulacrum (IceCv)
  2 mummies (Ossuary)
  Robin (D:4)
  11 gnolls
  8 adders
  2 white imps
  3 adder zombies (Ossuary)
  7 worms
  3 dart slugs
  57 orcs
  4 ball pythons
  2 bats (D:2)
  4 endoplasms
  4 giant cockroaches
  3 gnoll zombies (Ossuary)
  16 goblins
  9 hobgoblins
  2 jackals (D:1)
  4 frilled lizards
  6 hobgoblin zombies (Ossuary)
  15 kobolds
  9 kobold zombies (Ossuary)
  5 orc zombies (Ossuary)
  10 rats
286 creatures vanquished.

Vanquished Creatures (others)
  A jelly (D:6)
  An endoplasm (D:4)
  32 fungi
  24 plants
58 creatures vanquished.

Grand Total: 344 creatures vanquished

Notes
Turn   | Place    | Note
-------+----------+-------------------------------------------
     0 | D:1      | AtlasWard the Ogre Cinder Acolyte began the quest for the
                  | Orb.
     0 | D:1      | Reached XP level 1. HP: 24/24 MP: 2/2
   226 | D:1      | Reached XP level 2. HP: 25/32 MP: 3/3
   468 | D:1      | Found a faded altar of an unknown god.
  1091 | D:2      | Reached XP level 3. HP: 28/40 MP: 4/4
  1094 | D:2      | Learned a level 2 spell: Scorch
  1487 | D:2      | Reached XP level 4. HP: 40/49 MP: 5/5
  2229 | D:3      | Noticed Jessica
  2240 | D:3      | Killed Jessica
  2241 | D:3      | Reached skill level 5 in Fighting
  2241 | D:3      | Reached XP level 5. HP: 27/57 MP: 3/6
  2490 | D:3      | Noticed Robin
  2548 | D:4      | Killed Robin
  3234 | D:3      | Reached XP level 6. HP: 65/66 MP: 7/7
  3883 | D:4      | Reached skill level 5 in Maces & Flails
  4648 | D:4      | Identified a scroll of acquirement
  4648 | D:4      | Acquired the +1 gold dragon scales of the Prince of
                  | Darkness {+Blink rPois rF+ rC+ Dex+4 SInv}
  4661 | D:5      | Entered Level 5 of the Dungeon
  4854 | D:5      | Reached XP level 7. HP: 60/75 MP: 8/8
  4986 | D:5      | Reached skill level 1 in Armour
  5344 | D:5      | Noticed Edmund
  5593 | D:5      | Noticed a steam dragon
  5635 | D:5      | Killed a steam dragon
  5636 | D:5      | Reached XP level 8. HP: 58/87 MP: 9/9
  5762 | D:5      | Found a hide-covered altar of Uskayaw.
  5868 | D:5      | Found an ornate altar of the Wu Jian Council.
  7220 | D:6      | You fall into a shaft and drop 3 floors!
  7260 | D:8      | Found a sand-covered staircase.
  7345 | Ossuary  | Entered an ossuary
  7855 | D:7      | Reached XP level 9. HP: 81/97 MP: 10/10
  8680 | D:6      | Identified the +7 dagger "Aduuniuz" {drain, Dex+6}
  9094 | D:7      | Found Zin's Purification Station.
  9097 | D:7      | Found a glowing silver altar of Zin.
  9431 | D:7      | Found a staircase to the Ecumenical Temple.
  9667 | D:7      | Found a runed translucent door.
  9668 | D:7      | Noticed Crazy Yiuf
  9676 | D:7      | Killed Crazy Yiuf
  9759 | D:8      | Noticed Prince Ribbit
  9770 | D:8      | Killed Prince Ribbit
  9853 | D:8      | Reached XP level 10. HP: 84/110 MP: 11/11
  9866 | D:8      | Reached skill level 10 in Fighting
  9888 | D:8      | Reached skill level 5 in Armour
 10145 | D:8      | Reached skill level 10 in Maces & Flails
 10167 | D:8      | Found a staircase to the Lair.
 10803 | D:9      | Found a burning altar of Makhleb.
 10803 | D:9      | Noticed a green death
 11035 | D:9      | Noticed a smoke demon
 11323 | D:9      | Found a runed translucent door.
 11337 | D:9      | Found a staircase to the Orcish Mines.
 11581 | D:9      | Found a basalt altar of Yredelemnul.
 11656 | D:9      | Found a white marble altar of Elyvilon.
 12620 | Lair:1   | Entered Level 1 of the Lair of Beasts
 12638 | Lair:1   | Reached XP level 11. HP: 76/120 MP: 12/12
 12886 | Lair:1   | Found a frozen archway.
 12895 | IceCv    | Entered an ice cave
 12912 | IceCv    | HP: 2/123 [cane toad simulacrum (9)]
 12913 | IceCv    | Slain by a cane toad simulacrum

Illustrated notes

Levels and vault maps discovered:
D:1:      eino_arrival_cavern_b, layout_loops_corners,
          ebering_ecumenical_altar_hall, chequers_serial_rivers_micro_b,
          minmay_cupped
D:2:      layout_loops_cross
D:3:      layout_basic, uniq_jessica, uniq_robin
D:4:      layout_basic, nicolae_wormholes
D:5:      kennysheep_steamy, layout_layer_cave,
          nicolae_uskayaw_murder_on_the_dancefloor, kennysheep_little_box,
          uniq_edmund
D:6:      layout_basic
D:7:      layout_loops_ring, zin_purify, minmay_temple_entry_glassed_door,
          uniq_crazy_yiuf_cottage
D:8:      layout_loops_ring, grunt_lair_entry_orc_guard_hut,
          nicolae_ossuary_entry_monument, uniq_prince_ribbit1
D:9:      layout_long_grid, kennysheep_ying_yang, makhleb_altar_promises_db,
          hiddenorc2_lemuel, lightli_church_of_beogh
Lair:1:   layout_regular_city, portal_ice_cave_entry_pillars_2, serial_bayou,
          serial_bayou_lagoon_a, serial_bayou_shore_a, serial_bayou_shore_b,
          serial_bayou_lake_a, serial_bayou_pond_c
IceCv:    ice_cave_statue_garden_chambered

Skill      XL: |  1  2  3  4  5  6  7  8  9 10 |
---------------+-------------------------------+-----
Maces & Flails | 3 4 5 6 7 9 11 | 11.3
Fire Magic     | 3 4 |  4.1
Fighting       | 5 6 7 8 9 11 | 11.7
Armour         | 2 3 4 6 |  6.3
Spellcasting   | |  1.2

Action                     |  1- 3 |  4- 6 |  7- 9 | 10-12 || total
---------------------------+-------+-------+-------+-------++-------
  Melee: Mace              |   104 |    43 |    17 |    14 ||   178
         Club              |       |   205 |   217 |       ||   422
         Punch             |       |     2 |     3 |     8 ||    13
         Flail             |       |       |   281 |   380 ||   661
  Throw: Dart              |       |    10 |     1 |     1 ||    12
   Cast: Scorch            |     3 |     8 |       |       ||    11
 Invoke: Rising Flame      |       |       |     1 |       ||     1
         Fiery Armour      |       |       |       |     1 ||     1
    Use: Potion            |     1 |       |       |     1 ||     2
         Scroll            |       |     3 |       |    11 ||    14
 Armour: Robe              |    34 |    54 |       |       ||    88
         Gold dragon scale |       |    14 |   317 |   286 ||   617
  Dodge: Dodged            |    53 |   117 |    22 |    33 ||   225
  Block: Other             |       |     2 |   117 |    93 ||   212
         Reflection        |       |       |     1 |     1 ||     2

Table legend: (Time is in decaauts)
 A = Elapsed time spent in this place.
 B = Non-inter-level travel time spent in this place.
 C = Inter-level travel time spent in this place.
 D = Time resting spent in this place.
 E = Time spent auto-exploring this place.
 F = Levels seen in this place.
 G = Mean time per level.
                   A        B        C        D        E       F      G
               +--------+--------+--------+--------+--------+-----+--------+
         Total |  12924 |  12339 |    585 |    186 |   9617 |  12 | 1077.0 |
       Dungeon |  12463 |  11884 |    579 |    186 |   9367 |   9 | 1384.8 |
          Lair |     71 |     65 |      6 |      0 |      0 |   1 |   71.0 |
       Ossuary |    374 |    374 |      0 |      0 |    250 |   1 |  374.0 |
      Ice Cave |     14 |     14 |      0 |      0 |      0 |   1 |   14.0 |
               +--------+--------+--------+--------+--------+-----+--------+

Top non-repeatable levels by time:
     D:5: 1981 daAuts
     D:9: 1647 daAuts
     D:4: 1526 daAuts
     D:8: 1415 daAuts
     D:7: 1335 daAuts
     D:3: 1266 daAuts
     D:6: 1153 daAuts
     D:2: 1069 daAuts
     D:1: 1068 daAuts
 Ossuary: 374 daAuts
  Lair:1: 71 daAuts
   IceCv: 14 daAuts
